 Dungeon Crawl Stone Soup version 0.16.1-18-g436b03c (webtiles) character file.

628 drasked the Magician (level 7, -9/36 HPs)
             Began as a Deep Elf Ice Elementalist on May 6, 2015.
             Mangled by Menkaure (16 damage)
             ... on level 7 of the Dungeon.
             The game lasted 00:13:48 (5051 turns).

drasked the Magician (Deep Elf Ice Elementalist)    Turns: 5051, Time: 00:13:49

Health: -9/36      AC: 10    Str:  5    XL:     7   Next: 23%
Magic:  20/25      EV: 12    Int: 22    God:
Gold:   175        SH:  0    Dex: 15    Spells: 2 memorised, 17 levels left

rFire  . . .     SeeInvis .     d - +0 club
rCold  . . .     Clarity  .     q - +0 troll leather armour {regen}
rNeg   . . .     SustAb   .     (no shield)
rPois  .         Gourm    .     (no helmet)
rElec  .         Spirit   .     (no cloak)
rCorr  .         Warding  .     (no gloves)
rMut   .         Stasis   .     (no boots)
MR     .....                    m - amulet of inaccuracy (curse)
Stlth  +++.......               n - ring of flight {+Fly, !d}
                                l - ring of stealth {Stlth+}

@: icy armour, not resistant to hostile enchantments, fairly stealthy
A: no striking features
a: Evoke Flight


You were on level 7 of the Dungeon.
You were hungry.

You visited 2 branches of the dungeon, and saw 8 of its levels.

You collected 175 gold pieces.

Inventory:

Hand weapons
 d - a +0 club (weapon)
   (You took it off a goblin on level 1 of the Dungeon)
Armour
 a - a +0 robe
 q - a +0 troll leather armour (worn) {regen}
   (You found it on level 3 of the Dungeon)
Jewellery
 l - a ring of stealth (left hand) {Stlth+}
   (You found it on level 2 of the Dungeon)
 m - a cursed amulet of inaccuracy (around neck)
   (You found it on level 2 of the Dungeon)
 n - a ring of flight (right hand) {+Fly, !d}
   (You found it on level 2 of the Dungeon)
 r - an uncursed amulet of resist corrosion {unknown}
   (You found it on level 4 of the Dungeon)
Magical devices
 e - a wand of polymorph (6)
   (You took it off Jessica on level 3 of the Dungeon)
Scrolls
 f - 2 scrolls of identify
 g - a scroll of amnesia
 p - a scroll of teleportation {unknown}
 s - a scroll of recharging {unknown}
 u - 2 scrolls of fear {unknown}
 v - 2 scrolls of blinking {unknown}
 w - a scroll of remove curse {unknown}
Potions
 h - 4 potions of heal wounds
 i - a potion of curing {unknown}
 j - 2 potions of magic {unknown}
 k - a potion of beneficial mutation {unknown}
 t - a potion of agility {unknown}
Books
 b - a book of Frost
 x - a book of Conjurations
   (You found it on level 5 of the Dungeon)
Comestibles
 c - 4 bread rations {@e1}
 o - a slice of pizza


   Skills:
 - Level 2.4 Dodging
 - Level 2.4 Stealth
 + Level 7.8 Spellcasting
   Level 1.1 Conjurations
 + Level 6.9 Ice Magic


You had 17 spell levels left.
You knew the following spells:

 Your Spells              Type           Power        Failure   Level  Hunger
a - Freeze                Ice            ####         1%          1    None
A - Ozocubu's Armour      Chrm/Ice       ###.....     12%         3    None


Dungeon Overview and Level Annotations

Branches:
Dungeon (7/15)             Temple (1/1) D:5

Altars:
Ashenzari
Cheibriados
Dithmenos
Elyvilon
Kikubaaqudgha
Makhleb
Nemelex Xobeh
Okawaru
Sif Muna
Trog
Xom
Yredelemnul
Zin
The Shining One

Shops:
D:5 =

Annotations:
D:3 noize's ghost, average VSCj
D:5 exclusion: door
D:6 Blork the orc
D:7 Menkaure


Message History

The bat zombie hits you but does no damage.
The orc closely misses you. Something hits you. The bat zombie misses you.
You take 2 damage, and have 25/36 hp.
You barely miss the bat zombie.
The bat zombie hits you but does no damage.
The bat zombie closely misses you. The orc barely misses you.
The bat zombie misses you. Something hits you but does no damage.
You feel less confused.
The bat zombie hits you but does no damage.
The bat zombie completely misses you.
You hit the bat zombie.
Your icy armour evaporates.
The bat zombie hits you but does no damage.
The bat zombie hits you. The orc hits you but does no damage.
The bat zombie barely misses you. Something hits you but does no damage.
The bat zombie closely misses you. A film of ice covers your body!
The bat zombie misses you. The orc hits you with a hand axe.
The bat zombie closely misses you.
You hear some strange, mumbled words.
Something tries to affect you, but you resist.
You take 1 damage, and have 25/36 hp.
You now have 22/25 mp.
You closely miss the bat zombie.
The bat zombie hits you but does no damage.
The bat zombie closely misses you. x2
The orc cheers noisily.
The orc misses you.
You hear some strange, mumbled words.
The puff of flame hits you!
The bat zombie hits you but does no damage.
The heat melts your icy armour.
You take 1 damage, and have 24/36 hp.
You closely miss the bat zombie. The bat zombie barely misses you.
The bat zombie hits you but does no damage.
Something hits you. The orc barely misses you.
The bat zombie barely misses you. Something hits you but does no damage.
The bat zombie barely misses you.
You take 1 damage, and have 23/36 hp.
You hit the bat zombie.
You destroy the bat zombie!
The orc barely misses you.
You hear some strange, mumbled words.
Something tries to affect you, but you resist.
The orc hits you but does no damage.
You closely miss the orc.
You hear some strange, mumbled words.
Something tries to affect you, but you resist.
The orc hits you but does no damage.
Aim: an orc, wielding a hand axe You freeze the orc.
Something completely misses you. The orc barely misses you.
You now have 22/25 mp.
Aim: an orc, wielding a hand axe (moderately wounded)
You freeze the orc.
You kill the orc!
You hear some strange, mumbled words.
Something tries to affect you, but you resist.
You now have 21/25 mp.
An orc wizard appears from thin air!
Reactivating autopickup.
The orc wizard casts a spell at you. The puff of flame hits you!
The heat melts your icy armour.
You take 9 damage, and have 16/36 hp.
MASSIVE DAMAGE!!
Blork the orc shouts!
The orc wizard casts a spell.
The orc wizard flickers and vanishes!
Deactivating autopickup; reactivate with Ctrl-A.
Blork the orc mumbles some strange words.
Blork the orc seems to speed up.
There is a stone staircase leading down here.
Unknown command.
Blork the orc screams, "I'll break your legs!"
You climb downwards.
You hear the roar of battle.
There is an entrance to a bailey on this level.
Hurry and find it before the portal closes forever!
You hear the faint creaking of a distant portcullis.
Menkaure, Prince of Dust comes into view.
There is a stone staircase leading up here.
Okay, then.
Aim: Menkaure You freeze Menkaure.
Menkaure completely resists.
Menkaure closely misses you.
You now have 22/25 mp.
Your icy armour thickens.
Menkaure misses you.
You now have 19/25 mp.
You hit Menkaure but do no damage. Menkaure hits you but does no damage.
You closely miss Menkaure. Menkaure hits you!
You take 11 damage, and have 11/36 hp.
MASSIVE DAMAGE!!
Unknown command.
You hit the orc warrior but do no damage.
The orc warrior hits you but does no damage.
Menkaure calls on the powers of darkness!
Your body is wracked with pain!
* * * LOW HITPOINT WARNING * * *
The orc warrior convulses!
The orc convulses!
You take 4 damage, and have 7/36 hp.
You miss the orc warrior. The orc warrior hits you with a mace.
* * * LOW HITPOINT WARNING * * *
Menkaure hits you!
You die...

......... .........
........a ....#...#
.<....# ..###
######### .....##
....##.......# ....##
#o.#.......# #.g.#
##.........# ##o##
#<..o@M....#
#.o........##......%#
.#..########.......#
.. ........#
##########


You could see an orc warrior, Menkaure and an orc.

Vanquished Creatures
  A sky beast (D:4)
  An ogre (D:4)
  A giant frog (D:4)
  A hound (D:4)
  An iguana (D:5)
  An orc priest (D:4)
  An orc wizard (D:5)
  A worker ant (D:4)
  Jessica (D:3)
  A hound zombie (D:5)
  Terence (D:3)
  8 adders
  2 shadow imps
  3 worms
  2 adder skeletons (D:4)
  3 giant geckos (D:2)
  8 orcs
  A bat zombie (D:6)
  2 giant cockroaches
  9 goblins
  8 hobgoblins
  4 jackals (D:1)
  3 quokkas (D:2)
  A ball python (D:1)
  10 bats
  A giant gecko skeleton (D:4)
  2 giant newts (D:2)
  6 kobolds
  21 rats
105 creatures vanquished.

Vanquished Creatures (others)
  A human (D:5)
1 creature vanquished.

Grand Total: 106 creatures vanquished

Notes
Turn   | Place    | Note
--------------------------------------------------------------
     0 | D:1      | drasked, the Deep Elf Ice Elementalist, began the quest for the Orb.
     0 | D:1      | Reached XP level 1. HP: 10/10 MP: 5/5
   309 | D:1      | Reached XP level 2. HP: 15/15 MP: 1/8
   842 | D:1      | Reached skill level 4 in Spellcasting
   928 | D:1      | Reached skill level 4 in Ice Magic
  1045 | D:1      | Found an iron altar of Okawaru.
  1212 | D:2      | Reached XP level 3. HP: 17/19 MP: 9/12
  1236 | D:2      | Learned a level 3 spell: Ozocubu's Armour
  2182 | D:2      | Reached XP level 4. HP: 17/24 MP: 12/16
  2610 | D:3      | Noticed Terence
  2632 | D:3      | Noticed Jessica
  2634 | D:3      | Killed Jessica
  2788 | D:3      | Reached skill level 5 in Spellcasting
  2808 | D:3      | Killed Terence
  2808 | D:3      | Reached skill level 5 in Ice Magic
  2848 | D:3      | Noticed noize's ghost (average VSCj)
  2908 | D:3      | Found a shattered altar of Ashenzari.
  3035 | D:3      | HP: 6/24 [noize's ghost/magic dart (3)]
  3087 | D:4      | Reached XP level 5. HP: 28/28 MP: 17/19
  3113 | D:4      | Found a glowing golden altar of the Shining One.
  3220 | D:4      | Noticed a sky beast
  3230 | D:4      | Killed a sky beast
  3230 | D:4      | Reached skill level 6 in Spellcasting
  3299 | D:4      | Reached XP level 6. HP: 24/32 MP: 15/22
  3335 | D:4      | Noticed an ogre
  3349 | D:4      | Killed an ogre
  3349 | D:4      | Reached skill level 6 in Ice Magic
  3677 | D:4      | Reached skill level 7 in Spellcasting
  3912 | D:4      | Reached XP level 7. HP: 28/36 MP: 17/25
  4010 | D:5      | Entered Level 5 of the Dungeon
  4057 | D:5      | Found an ancient bone altar of Kikubaaqudgha.
  4194 | D:5      | Found Sarod's Jewellery Emporium.
  4436 | D:5      | Found a staircase to the Ecumenical Temple.
  4507 | Temple   | Entered the Ecumenical Temple
  4807 | D:5      | Noticed a human
  4809 | D:5      | Killed a human
  4973 | D:6      | Noticed Blork the orc
  5041 | D:7      | Noticed Menkaure
  5050 | D:7      | HP: 7/36 [??? (4)]
  5051 | D:7      | Mangled by Menkaure

Action                   |  1- 3 |  4- 6 |  7- 9 || total
-------------------------+-------+-------+-------++-------
Melee: Club              |    19 |    57 |    68 ||   144
 Cast: Freeze            |    75 |    82 |    42 ||   199
       Ozocubu's Armour  |     1 |     4 |     8 ||    13
  Use: Scroll            |       |     3 |       ||     3
       Potion            |       |       |     1 ||     1
 Stab: Sleeping          |       |     1 |       ||     1
       Distracted        |       |     1 |       ||     1
  Eat: Chunk             |     4 |     5 |     4 ||    13

Vault maps used:
D:1:      erik_arrival_orb_chamber, okawaru_ov_weapons_minmay
D:3:      cheibrodos_ashenzari_chains, uniq_terence, uniq_jessica
D:4:      nicolae_tso_carved_into_rock
D:5:      minmay_goblin_kobold_castle, minmay_temple_entry_statues, first_bread,
          serial_shops, shop, tgw_kikubaaqudgha
D:6:      uniq_blork_the_orc, uniq_pikel
D:7:      nicolae_qazlal_general_emergency, grunt_temple_overflow_diamond,
          enter_bailey_2, uniq_menkaure, uniq_edmund
Temple:   circular_temple_12

Table legend:
 A = Turns spent in this place as a percentage of turns spent in the entire game.
 B = Non-inter-level travel turns spent in this place as a percentage of non-inter-level travel turns spent in the entire game.
 C = Inter-level travel turns spent in this place as a percentage of turns spent in this place.
 D = Turns resting spent in this place as a percentage of non-inter-level travel turns spent in this place.
 E = Turns spent auto-exploring this place as a percentage of non-inter-level travel turns spent in this place.
 F = Non-inter-level travel turns spent in this place divided by the number of levels of this place that you've seen.
                   A       B       C       D       E      F
               +-------+-------+-------+-------+-------+----------------------
         Total | 100.0 | 100.0 |   0.9 |   3.0 |   9.0 | 234.0
       Dungeon |  97.8 |  97.9 |   0.9 |   3.1 |   8.8 | 261.7
        Temple |   2.2 |   2.1 |   2.4 |   0.0 |  17.5 |  40.0
               +-------+-------+-------+-------+-------+----------------------

Table legend:
 A = Kills in this place as a percentage of kills in entire the game.
 B = Kills by you in this place as a percentage of kills by you in the entire game.
 C = Kills by friends in this place as a percentage of kills by friends in the entire game.
 D = Other kills in this place as a percentage of other kills in the entire game.
 E = Experience gained in this place as a percentage of experience gained in the entire game.
 F = Experience gained in this place divided by the number of levels of this place that you have seen.
                   A       B       C       D       E      F
               +-------+-------+-------+-------+-------+----------------------
         Total | 100.0 | 100.0 |  -nan |  -nan | 100.0 | 112.2
       Dungeon | 100.0 | 100.0 |  -nan |  -nan | 100.0 | 128.3
               +-------+-------+-------+-------+-------+----------------------
